AoeStats
← uu

Pilgrims

510060256Analyzed
4v4 RM · 1d ago on Sep 29, 2026· 60m 47s· 8 players
Game mode
Random Map
Map size
Large (8 player)
Population
200
Speed
Normal
Resources
Standard
Victory
Conquest
Starting age
Dark Age
Ending age
Imperial Age
RankedLock teamsTeams togetherTeam positionsShared explorationLock speedFull tech treeHidden civsTurbo modeCheats
Victory
Defeat
🇦🇷 Britons · Argentina
1405
+15
🇷🇺 Danes · Russia
1402
+15
🇦🇺 Slavs · Australia
1364
+16
🇦🇺 Mongols · Australia
1352
+17
🇨🇳 Wu · China
1406
-17
🇨🇳 Khitans · China
1376
-16
🇭🇰 Khmer · Hong Kong SAR China
1353
-15
🇹🇷 Huns · Türkiye
1345
-15
uu
12:17 Feudal Age
17:53 Castle Age
16:13 Double-Bit Axe
16:29 Domestication
17:29 Fletching
17:39 Padded Archer Armor
18:03 Heavy Cavalry Archer
18:40 Bodkin Arrow
19:44 Husbandry
20:01 Leather Archer Armor
21:13 Wheelbarrow
21:19 Gold Mining
22:01 Bow Saw
24:36 Hand Cart
26:37 Thumb Ring
27:56 Pastoralism
29:40 Ballistics
29:40 Loom
37:49 Imperial Age
36:23 Stone Mining
39:08 Parthian Tactics
39:10 Bracer
39:41 Ring Archer Armor
40:14 Chemistry
44:32 Conscription
44:21 Ordo Cavalry
48:40 Forging
48:35 Scale Barding Armor
54:53 Two-Man Saw
58:05 Elite Skirmisher
虫
10:29 Feudal Age
9:33 Loom
13:46 Fletching
13:57 Padded Archer Armor
22:57 Castle Age
24:05 Gold Mining
24:05 Stone Mining
23:59 Fishing Lines
26:19 Scale Mail Armor
28:59 Horse Collar
29:05 Double-Bit Axe
29:58 Wheelbarrow
29:57 Town Watch
30:53 Bow Saw
30:55 Heavy Plow
31:59 Town Patrol
33:29 Gillnets
34:07 Hand Cart
35:28 Gold Shaft Mining
35:28 Stone Shaft Mining
38:51 Imperial Age
39:55 Conscription
40:28 Siege Engineers
42:38 Leather Archer Armor
42:19 Bodkin Arrow
43:48 Chemistry
43:09 Ballistics
43:30 Heavy Scorpion
46:03 Crop Rotation
47:16 Capped Ram
48:09 Double Crossbow
49:23 Siege Ram
60:03 Ring Archer Armor
60:04 Murder Holes
Shamdan
11:35 Feudal Age
10:22 Loom
12:55 Double-Bit Axe
15:26 Castle Age
13:42 Scale Barding Armor
13:29 Horse Collar
13:32 Fishing Lines
14:23 Forging
14:41 Bloodlines
15:46 Wheelbarrow
15:49 Gold Mining
16:31 Husbandry
17:07 Bow Saw
18:35 Chain Barding Armor
22:38 Iron Casting
21:58 Pikeman
23:30 Squires
24:10 Heavy Plow
26:46 Gold Shaft Mining
28:00 Hand Cart
27:30 Loom
27:32 Town Watch
35:46 Imperial Age
33:50 Scale Mail Armor
35:50 Capped Ram
35:52 Cavalier
37:35 Chemistry
37:02 Siege Ram
38:21 Chain Mail Armor
37:39 Halberdier
40:28 Plate Barding Armor
45:11 Paladin
46:53 Blast Furnace
50:09 Light Cavalry
53:39 Hussar
56:32 Caravan
58:21 Fletching
58:32 Padded Archer Armor
59:11 Bodkin Arrow
60:11 Leather Archer Armor
momo
9:41 Loom
12:36 Feudal Age
13:30 Fishing Lines
13:39 Fishing Lines
14:19 Gold Mining
15:30 Double-Bit Axe
17:03 Double-Bit Axe
19:55 Castle Age
18:34 Forging
18:25 Scale Mail Armor
20:52 Chain Mail Armor
22:55 Iron Casting
23:07 Wheelbarrow
23:26 Squires
23:29 Town Watch
23:54 Arson
36:01 Medium Warships
36:18 Bow Saw
38:54 Pikeman
46:19 Fletching
47:17 Bodkin Arrow
57:55 Guard Tower
57:47 Treadmill Crane
58:18 Masonry
tima_1999
8:34 Loom
11:23 Feudal Age
12:31 Town Watch
12:43 Double-Bit Axe
14:06 Fletching
23:05 Fishing Lines
23:11 Fishing Lines
29:30 Castle Age
29:32 Forging
29:22 Scale Mail Armor
30:25 Squires
30:10 Gambesons
31:33 Wheelbarrow
31:13 Gillnets
32:15 Chain Mail Armor
32:56 Horse Collar
36:34 Iron Casting
37:20 Heavy Plow
37:47 Medium Warships
39:00 Bow Saw
43:13 Bodkin Arrow
45:43 Clinker Construction
45:44 Careening
48:44 Imperial Age
47:52 Ballistics
49:21 Hand Cart
49:41 Bracer
50:42 Blast Furnace
51:27 Chemistry
50:56 Elite Varangian Guard
52:42 Conscription
55:28 Plate Mail Armor
57:04 Caravan
PocaChota
7:49 Loom
9:45 Feudal Age
10:27 Double-Bit Axe
11:34 Loom
12:39 Fletching
19:19 Castle Age
17:38 Gold Mining
17:50 Fishing Lines
17:58 Fishing Lines
20:05 Bodkin Arrow
20:55 Bow Saw
20:44 Gillnets
21:05 Medium Warships
22:57 Ballistics
22:49 Clinker Construction
23:09 Fervor
27:46 Wheelbarrow
29:58 Hand Cart
32:01 Yeomen
31:45 Padded Archer Armor
33:31 Treadmill Crane
38:28 Imperial Age
36:33 Leather Archer Armor
38:17 Masonry
39:17 Bracer
41:35 Chemistry
41:07 Architecture
41:14 Hoardings
42:49 Heavy Warships
44:49 Carvel Hull
44:40 Careening
46:44 Dry Dock
47:15 Shipwright
47:52 Siphons
49:38 Conscription
50:50 Two-Man Saw
50:51 Elite Longbowman
51:32 Warwolf
52:40 Ring Archer Armor
52:46 Gold Shaft Mining
52:02 Stone Mining
52:35 Onager
53:23 Siege Engineers
54:01 Horse Collar
59:18 Heavy Plow
Tuno
5:21 Loom
11:06 Feudal Age
12:31 Fishing Lines
15:22 Castle Age
14:53 Double-Bit Axe
16:06 Scale Barding Armor
16:12 Forging
15:58 Gillnets
17:13 Chain Barding Armor
17:07 Stone Mining
18:30 Gold Mining
19:49 Iron Casting
21:33 Husbandry
22:05 Bloodlines
21:56 Husbandry
24:39 Detinets
25:24 Fletching
29:45 Gold Shaft Mining
29:40 Bodkin Arrow
30:15 Bow Saw
33:58 Horse Collar
36:09 Wheelbarrow
35:20 Town Watch
38:34 Imperial Age
36:12 Heavy Plow
37:38 Hand Cart
37:24 Town Patrol
40:39 Conscription
42:10 Blast Furnace
42:32 Plate Barding Armor
42:58 Fortified Wall
43:08 Ballistics
43:45 Crop Rotation
44:25 Elite Boyar
47:59 Two-Man Saw
49:14 Chemistry
48:22 Siege Engineers
48:09 Capped Ram
49:22 Siege Ram
56:03 Caravan
Tawny
10:09 Loom
20:25 Feudal Age
22:32 Double-Bit Axe
22:28 Horse Collar
22:41 Gold Mining
22:41 Stone Mining
25:20 Castle Age
23:58 Wheelbarrow
24:39 Fishing Lines
25:25 Fletching
26:42 Bow Saw
28:41 Bodkin Arrow
29:50 Hand Cart
32:14 Padded Archer Armor
33:17 Gillnets
33:55 Leather Archer Armor
34:51 Forging
34:46 Scale Barding Armor
35:48 Heavy Plow
35:16 Light Cavalry
36:06 Bloodlines
36:03 Nomads
36:46 Fortified Wall
36:47 Husbandry
38:54 Iron Casting
38:40 Chain Barding Armor
38:32 Town Watch
39:19 Ballistics
39:10 Masonry
39:30 Thumb Ring
42:27 Imperial Age
40:36 Careening
40:22 Murder Holes
43:25 Gold Shaft Mining
43:27 Stone Shaft Mining
42:32 Hussar
43:35 Conscription
43:19 Bracer
44:19 Blast Furnace
43:03 Elite Mangudai
44:49 Chemistry
44:40 Parthian Tactics
44:54 Hoardings
48:59 Siege Engineers
49:31 Caravan
52:49 Coinage
54:49 Drill
57:58 Banking
57:02 Capped Ram
58:07 Siege Ram
Connection lost

Rejoining the realm…

Still unreachable

The connection could not be restored.

Session expired

The server has moved on; the page needs a fresh start.